cohdb
Replays
Latest Replays
All Replays
Popular Replays
Top Player Replays
Match Explorer
How It Works
Community
CoH3 Stats
Reddit
Sign in to upload your games and track your stats! →
Sign in with Steam
Match 38517678
Unlisted
Match 38517678
Overview
Messages
Build Orders
End
Construct Section Command Post
Infantry Section
Infantry Section
Construct Field Infirmary
Construct Platoon Command Post
ML 3-inch Mortar Team
Vickers Machine Gun Team
Vickers Machine Gun Team
ML 3-inch Mortar Team
ML 3-inch Mortar Team
Construct Company Command Post
Foot Guards Section
Selects Heavy Armor Battlegroup
Selects Engineer Detachments
Selects Crusader AA Medium Tank
Foot Guards Section
dotjohan
SturmGoon
Supercatty
KT6790
UH|dun! ツ
UH|ck
UH|XTC
iceman
0
0
Comments
sign in to comment!
No comments posted yet!